 Dungeon Crawl Stone Soup version 0.17.1-1-g73c8601 (webtiles) character file.

81 ricardofg the Firebug (level 4, 0/24 HPs)
             Began as a Gargoyle Fire Elementalist on Apr 18, 2016.
             Slain by a gnoll
             ... wielding a +0 flail
              (2 damage)
             ... on level 3 of the Dungeon.
             The game lasted 00:07:17 (3088 turns).

ricardofg the Firebug (Gargoyle Fire Elementalist)  Turns: 3088, Time: 00:07:17

Health: 0/24       AC:  5    Str: 11    XL:     4   Next: 40%
Magic:  11/17      EV: 12    Int: 17    God:
Gold:   54         SH:  0    Dex: 10    Spells: 1 memorised, 7 levels left

rFire  . . .     SeeInvis .     q - +0 spear
rCold  . . .     Clarity  .     a - +0 robe
rNeg   + . .     SustAt   .     (no shield)
rPois  ∞         Gourm    .     e - +0 hat
rElec  +         Spirit   .     (no cloak)
rCorr  .         Warding  .     (no gloves)
rMut   .         Stasis   .     (no boots)
MR     .....                    (no amulet)
Stlth  ++........               (no ring)
                                o - ring of magical power

@: very slightly contaminated, not resistant to hostile enchantments, unstealthy
A: negative energy resistance 1, electricity resistance, unbreathing,
petrification resistance, rot immunity, AC +3
a: no special abilities


You were on level 3 of the Dungeon.
You were not hungry.

You visited 1 branch of the dungeon, and saw 3 of its levels.

You collected 54 gold pieces.

Inventory:

Hand Weapons
 l - a +0 club
 q - a +0 spear (weapon)
Armour
 a - a +0 robe (worn)
 e - a +0 hat (worn)
Jewellery
 o - a ring of magical power (left hand)
Scrolls
 d - 2 scrolls of amnesia {unknown}
 f - 4 scrolls of remove curse {unknown}
 j - 4 scrolls of identify {unknown}
 t - a scroll of fog {unknown}
 u - a scroll of random uselessness {unknown}
Potions
 g - a potion of haste {unknown}
 i - a potion of agility {unknown}
 k - 2 potions of magic {unknown}
 m - a potion of brilliance {unknown}
 r - 2 potions of curing {unknown}
 s - 2 potions of invisibility {unknown}
Books
 b - a book of Flames

   Spells                             Type                      Level
   a - Flame Tongue                   Conjuration/Fire             1
   b - Throw Flame                    Conjuration/Fire             2
   c - Conjure Flame                  Conjuration/Fire             3
   d - Inner Flame                    Hexes/Fire                   3
   e - Sticky Flame                   Conjuration/Fire             4
   f - Fireball                       Conjuration/Fire             5
Comestibles
 c - a bread ration
 h - 2 beef jerkies
 n - 5 chunks of flesh
 p - a royal jelly


   Skills:
 - Level 1.5 Dodging
 - Level 2.1 Stealth
 + Level 2.8 Spellcasting
 + Level 2.9 Conjurations
 + Level 3.6 Fire Magic


You had 7 spell levels left.
You knew the following spells:

 Your Spells              Type           Power        Failure   Level  Hunger
a - Flame Tongue          Conj/Fire      ##...        4%          1    #......


Dungeon Overview and Level Annotations

Branches:
Dungeon (3/15)

Altars:


Innate Abilities, Weirdness & Mutations

You are resistant to torment.
Your stone body is resilient (AC +3).
You are immune to poison.
You resist negative energy.
You are resistant to electric shocks.
You can survive without breathing.
You are immune to petrification.
You are immune to rotting.


Message History

Aim: a gnoll, wielding a spear (moderately wounded)
The flame tongue hits the gnoll.
You kill the gnoll!
Casting: Flame Tongue
Confirm with . or Enter, or press ? or * to list all spells.
Aiming: Flame Tongue
Press: ? - help, Shift-Dir - straight line, f - gnoll
Aim: a gnoll, wielding a flail You miscast Flame Tongue.
You are very lightly contaminated with residual magic.
Strange energies run through your body.
Casting: Flame Tongue
Confirm with . or Enter, or press ? or * to list all spells.
Aiming: Flame Tongue
Press: ? - help, Shift-Dir - straight line, f/p - gnoll
Aim: a gnoll, wielding a flail The flame tongue hits the gnoll.
The gnoll is almost dead.
The gnoll hits you with a flail.
You die...

..........................##.
.........^.....####.....#....
..<)...........# #........##
.......>.......# #.#........
..............## ##.#...##.#.
#.....##.....## #......#
#########..#..# #.#.##.#
#..##.####.#.# ...
#..##..g@..#[# ##<#
#..##.)#####(# .#
#..)......##.## .
#.##...##.##.)# .
##..†....#.# ##.###.....# #.#
#..#..# #.# ##.##.# #.# #.#
...


You could see a gnoll.

Vanquished Creatures
  An adder (D:2)
  2 gnolls (D:3)
  An ooze (D:2)
  2 worms (D:2)
  2 ball pythons (D:1)
  5 giant cockroaches
  9 hobgoblins
  2 jackals (D:1)
  5 kobolds
  6 bats
  A giant newt (D:2)
  2 goblins
  7 rats
45 creatures vanquished.

Notes
Turn   | Place    | Note
--------------------------------------------------------------
     0 | D:1      | ricardofg the Gargoyle Fire Elementalist began the quest for the Orb.
     0 | D:1      | Reached XP level 1. HP: 10/10 MP: 3/3
   591 | D:1      | Reached XP level 2. HP: 15/15 MP: 3/5
  1562 | D:1      | Reached XP level 3. HP: 15/19 MP: 6/6
  3012 | D:3      | Reached XP level 4. HP: 24/24 MP: 8/8
  3084 | D:3      | HP: 1/24 [gnoll/spear (2)]
  3088 | D:3      | Slain by a gnoll

Action                   |  1- 3 |  4- 6 || total
-------------------------+-------+-------++-------
Melee: Club              |    65 |       ||    65
       Unarmed           |     3 |       ||     3
       Spear             |    88 |    26 ||   114
 Cast: Flame Tongue      |    22 |     5 ||    27
 Stab: Sleeping          |     6 |       ||     6
       Distracted        |     1 |       ||     1
  Eat: Chunk             |     7 |       ||     7
